Map: Usina Ácida LE

Players

aromeo

  • Race: Protoss Protoss
  • League: Silver
  • Spawn Location: 11:00

IagoAbreu - Winner!

  • Race: Protoss Protoss
  • League: Gold
  • Spawn Location: 5:00

VOD

Have the link to the VOD?

Description

Time

  • Played on: March 26, 2018, 1:58 p.m.
  • Length: 14:41
Show
View Real Time Build Order
Export as new Build Order

aromeo Protoss 

Build Orders:  

Get SALT Encoding   

  12  0:13  Pylon  
  12  0:15  Probe (Chrono Boost)  
  13  0:35  Gateway  
  13  0:37  Probe  
  14  0:48  Assimilator  
  14  0:49  Probe  
  15  0:53  Assimilator  
  15  1:01  Probe (Chrono Boost)  
  16  1:13  Probe (Chrono Boost)  
  17  1:18  Probe (Chrono Boost)  
  18  1:27  Probe  
  18  1:29  Cybernetics Core  
  19  1:38  Pylon  
  19  1:39  Probe  
  20  1:52  Probe  
  21  2:07  Stargate  
  21  2:15  Stargate  
  21  2:50  Void Ray  
  25  3:07  Void Ray  
  29  3:18  Nexus  
  29  3:27  Probe (Chrono Boost)  
  30  3:38  Probe (Chrono Boost)  
  31  3:44  Assimilator  
  31  3:49  Assimilator  
  31  4:08  Pylon  
  31  4:26  Void Ray x2  
  31  4:31  Probe (Chrono Boost)  
  40  4:41  Probe (Chrono Boost)  
  41  4:50  Probe  
  42  5:02  Probe  
  43  5:08  Void Ray x2  
  43  5:12  Stargate  
  51  5:14  Probe  
  51  5:16  Pylon  
  51  5:20  Protoss Air Weapons Level 1 (Chrono Boost)  
  52  5:22  Forge  
  52  5:51  Probe (Chrono Boost)  
  52  5:57  Void Ray (Chrono Boost), Protoss Shields Level 1 (Chrono Boost)  
  53  6:02  Probe (Chrono Boost)  
  58  6:07  Probe (Chrono Boost)  
  59  6:17  Probe  
  60  6:27  Pylon  
  60  6:29  Probe  
  61  6:37  Pylon  
  61  6:43  Probe  
  61  6:44  Void Ray  
  66  6:55  Void Ray, Probe  
  71  7:07  Probe  
  72  7:09  Twilight Council  
  72  7:15  Void Ray  
  76  7:19  Probe  
  76  7:22  Protoss Air Armor Level 1 (Chrono Boost)  
  77  7:42  Protoss Shields Level 2 (Chrono Boost)  
  77  7:55  Fleet Beacon  
  77  7:59  Pylon  
  77  8:16  Cybernetics Core  
  77  8:17  Void Ray  
  81  8:26  Void Ray  
  85  8:31  Probe (Chrono Boost)  
  86  8:46  Pylon  
  86  9:03  Void Ray  
  86  9:04  Pylon, Probe  
  86  9:06  Protoss Air Weapons Level 2 (Chrono Boost)  
  91  9:14  Nexus  
  91  9:16  Probe  
  92  9:20  Assimilator  
  92  9:24  Assimilator  
  92  9:28  Pylon, Probe  
  93  9:32  Pylon  
  93  9:45  Stargate  
  93  9:48  Void Ray  
  97  9:59  Protoss Shields Level 3 (Chrono Boost)  
  97  10:00  Protoss Air Armor Level 2 (Chrono Boost)  
  97  10:31  Nexus  
  97  10:35  Probe (Chrono Boost)  
  98  10:45  Probe (Chrono Boost)  
  99  10:50  Probe (Chrono Boost)  
  100  11:01  Probe  
  101  11:07  Nexus  
  101  11:13  Probe  
  102  11:21  Fleet Beacon  
  102  11:24  Stargate  
  102  11:25  Probe  
  103  11:37  Probe  
  104  11:41  Protoss Air Weapons Level 3 (Chrono Boost)  
  103  11:50  Void Ray x2, Probe  
  112  11:56  Void Ray  
  116  12:04  Void Ray  
  120  12:11  Void Ray  
  120  12:14  Probe (Chrono Boost)  
  125  12:25  Probe (Chrono Boost)  
  126  12:30  Probe (Chrono Boost)  
  126  12:36  Void Ray  
  131  12:40  Probe  
  132  12:52  Probe  
  132  12:58  Carrier  
  133  13:04  Probe  
  140  13:10  Assimilator  
  140  13:16  Assimilator, Probe  
  113  13:28  Probe  
  94  13:35  Void Ray x2  
  94  13:40  Probe  
  71  13:53  Probe  
  78  14:05  Probe (Chrono Boost)  
  74  14:17  Probe (Chrono Boost)  
  68  14:24  Probe (Chrono Boost)  
Show
View Real Time Build Order
Export as new Build Order

IagoAbreu Protoss - Winner!

Build Orders:  

Get SALT Encoding   

  12  0:02  Probe (Chrono Boost)  
  13  0:12  Probe (Chrono Boost)  
  14  0:17  Probe (Chrono Boost)  
  15  0:26  Pylon  
  15  0:36  Assimilator  
  15  0:46  Forge  
  15  0:53  Gateway  
  15  0:58  Probe (Chrono Boost)  
  16  1:10  Probe (Chrono Boost)  
  17  1:17  Probe (Chrono Boost)  
  18  1:27  Pylon  
  18  1:30  Probe  
  19  1:42  Probe  
  20  1:48  Nexus  
  20  2:02  Photon Cannon  
  20  2:06  Photon Cannon  
  20  2:21  Cybernetics Core  
  20  2:30  Pylon  
  20  2:37  Assimilator  
  20  2:44  Protoss Shields Level 1 (Chrono Boost)  
  20  2:57  Photon Cannon  
  20  3:02  Probe (Chrono Boost)  
  21  3:09  Probe (Chrono Boost)  
  23  3:13  Probe (Chrono Boost)  
  23  3:17  Probe (Chrono Boost)  
  23  3:19  Probe (Chrono Boost)  
  25  3:25  Probe (Chrono Boost)  
  26  3:28  Probe (Chrono Boost)  
  27  3:37  Probe (Chrono Boost)  
  27  3:38  Probe (Chrono Boost)  
  29  3:43  Pylon  
  29  3:46  Pylon  
  29  3:49  Pylon, Probe  
  29  3:54  Probe  
  31  4:01  Probe  
  32  4:06  Probe  
  33  4:11  Stargate  
  33  4:12  Stargate  
  33  4:13  Probe  
  34  4:18  Probe  
  34  4:21  Protoss Air Weapons Level 1 (Chrono Boost)  
  35  4:30  Probe  
  36  4:40  Twilight Council  
  36  4:43  Probe  
  37  4:51  Photon Cannon  
  37  4:57  Shield Battery  
  37  4:59  Shield Battery  
  37  5:04  Pylon  
  37  5:10  Photon Cannon  
  38  5:14  Probe  
  38  5:18  Assimilator  
  38  5:21  Assimilator  
  38  5:26  Void Ray (Chrono Boost), Probe  
  39  5:30  Void Ray (Chrono Boost)  
  47  5:41  Probe  
  48  5:53  Probe  
  49  6:03  Nexus  
  49  6:05  Probe  
  49  6:09  Pylon  
  50  6:13  Pylon  
  50  6:15  Phoenix  
  50  6:16  Pylon, Phoenix  
  50  6:17  Probe  
  55  6:24  Robotics Facility  
  55  6:29  Fleet Beacon, Probe  
  56  6:41  Probe  
  57  6:57  Photon Cannon  
  57  7:03  Photon Cannon  
  57  7:08  Photon Cannon  
  57  7:12  Carrier (Chrono Boost)  
  57  7:15  Photon Cannon  
  57  7:22  Carrier (Chrono Boost)  
  69  7:30  Assimilator, Probe (Chrono Boost)  
  69  7:35  Assimilator  
  70  7:40  Probe (Chrono Boost)  
  70  7:43  Observer (Chrono Boost)  
  72  7:45  Probe (Chrono Boost)  
  73  7:56  Probe  
  73  7:58  Warp Prism (Chrono Boost)  
  76  8:08  Probe  
  77  8:38  Probe (Chrono Boost)  
  78  8:44  Tempest x2 (Chrono Boost)  
  78  8:48  Probe (Chrono Boost)  
  91  8:53  Probe (Chrono Boost)  
  92  8:59  Stargate x2  
  92  9:02  Stargate  
  92  9:03  Stargate  
  92  9:04  Probe  
  93  9:16  Probe  
  94  9:27  Phoenix x2  
  98  9:53  Phoenix x3  
  98  9:54  Phoenix  
  98  9:57  Protoss Air Weapons Level 2  
  98  9:58  Phoenix x2  
  110  10:03  Anion Pulse-Crystals (Chrono Boost)  
  110  10:15  Observer  
  110  10:17  Protoss Shields Level 2 (Chrono Boost)  
  111  11:18  Pylon  
  111  11:22  Pylon  
  111  11:25  Pylon  
  111  11:29  Pylon  
  111  11:32  Pylon  
  111  11:41  Photon Cannon  
  111  11:46  Photon Cannon  
  111  11:50  Photon Cannon  
  111  11:53  Photon Cannon, Phoenix x2 (Chrono Boost)  
  123  11:54  Phoenix x3 (Chrono Boost)  
  123  11:55  Phoenix (Chrono Boost)  
  123  12:21  Phoenix x6  
  135  12:42  Nexus  
  135  12:45  Assimilator  
  135  12:49  Assimilator  
  135  12:51  Phoenix x2 (Chrono Boost)  
  143  12:52  Phoenix (Chrono Boost)  
  143  12:58  Phoenix x3 (Chrono Boost)  
  98  13:40  Phoenix x5  
  100  13:41  Phoenix  
  100  14:00  Probe  
  101  14:12  Probe  
  102  14:24  Probe  
Tags
 
Add a new tag
Caveats
  • Supply blocks, unpowered buildings, or Contaminate may cause inaccurate times.
  • Supply counts are checked every 10 seconds.